AoeStats
← abov3n

Arena

504899113Analyzed
4v4 RM · 24d ago on Sep 7, 2026· 44m 47s· 8 players
Game mode
Random Map
Map size
Large (8 player)
Population
200
Speed
Normal
Resources
Standard
Victory
Conquest
Starting age
Dark Age
Ending age
Imperial Age
RankedLock teamsTeams togetherTeam positionsShared explorationLock speedFull tech treeHidden civsTurbo modeCheats
Victory
Defeat
🇺🇸 Dravidians · United States
1232
+12
🇦🇺 Malay · Australia
1203
+13
🇲🇽 Franks · Mexico
1191
+14
🇹🇷 Koreans · Türkiye
1125
+16
🇨🇱 Slavs · Chile
1163
-15
🇲🇽 Burgundians · Mexico
1144
-14
🇲🇽 Goths · Mexico
1126
-13
🇧🇷 Spanish · Brazil
1115
-13
Fenrir
11:46 Feudal Age
15:42 Castle Age
14:31 Double-Bit Axe
14:57 Horse Collar
17:04 Wheelbarrow
16:50 Heavy Plow
21:00 Bow Saw
26:30 Gold Mining
27:10 Hand Cart
27:06 Pikeman
27:56 Stone Mining
28:28 Squires
29:54 Anarchy
36:07 Imperial Age
34:21 Scale Mail Armor
34:31 Forging
35:25 Chain Mail Armor
36:11 Halberdier
37:29 Iron Casting
37:05 Perfusion
37:26 Conscription
38:35 Two-Man Saw
38:10 Crop Rotation
39:32 Blast Furnace
39:54 Loom
40:00 Town Watch
39:57 Elite Huskarl
adrazduarte
9:55 Feudal Age
15:21 Castle Age
14:29 Loom
16:20 Double-Bit Axe
19:32 Bow Saw
21:58 Horse Collar
23:52 Heavy Plow
27:46 Gold Mining
30:31 Imperial Age
29:06 Gold Shaft Mining
28:48 Scale Barding Armor
30:19 Wheelbarrow
31:38 Chain Barding Armor
33:14 Plate Barding Armor
34:26 Conscription
34:17 Forging
34:34 Fletching
38:08 Iron Casting
38:17 Husbandry
37:38 Cavalier
38:47 Stone Mining
39:37 Hand Cart
40:36 Blast Furnace
40:23 Light Cavalry
abov3n
10:42 Feudal Age
16:11 Castle Age
14:51 Horse Collar
21:03 Loom
25:32 Double-Bit Axe
26:08 Heavy Plow
28:03 Scale Barding Armor
30:21 Chain Barding Armor
33:08 Wheelbarrow
35:58 Imperial Age
34:15 Gold Mining
35:43 Hand Cart
35:29 Pikeman
36:00 Elite Conquistador
37:48 Plate Barding Armor
37:57 Light Cavalry
38:47 Bloodlines
38:54 Town Watch
39:19 Husbandry
39:31 Hussar
40:34 Forging
41:26 Elite Skirmisher
EL PAJA
12:30 Feudal Age
16:53 Castle Age
16:21 Horse Collar
16:28 Double-Bit Axe
17:54 Heavy Plow
18:07 Bow Saw
20:02 Loom
20:57 Wheelbarrow
24:20 Man-at-Arms
25:01 Squires
25:41 Hand Cart
25:11 Town Watch
25:23 Long Swordsman
32:45 Imperial Age
30:12 Gold Mining
30:12 Stone Mining
30:37 Pikeman
32:15 Forging
32:05 Scale Mail Armor
32:48 Town Patrol
33:30 Gold Shaft Mining
33:07 Halberdier
34:10 Capped Ram
35:55 Iron Casting
35:35 Chain Mail Armor
35:44 Druzhina
36:05 Conscription
35:49 Siege Ram
12345
0:26 Loom
11:51 Feudal Age
12:18 Double-Bit Axe
18:50 Castle Age
16:44 Stone Mining
16:52 Gold Mining
17:24 Horse Collar
19:46 Bow Saw
22:04 Town Watch
26:44 Crossbowman
28:56 Wheelbarrow
29:16 Heavy Plow
31:19 Hand Cart
30:56 Fletching
31:37 Thumb Ring
32:09 Ballistics
31:30 Treadmill Crane
32:44 Bodkin Arrow
33:15 Town Patrol
33:58 Stone Shaft Mining
34:06 Gold Shaft Mining
36:51 Imperial Age
35:04 Forging
34:54 Scale Mail Armor
35:00 Scale Barding Armor
36:06 Eupseong
36:18 Fortified Wall
36:36 Squires
36:22 Arson
37:35 Elite Skirmisher
37:43 Light Cavalry
38:24 Husbandry
39:31 Two-Man Saw
38:34 Bracer
38:23 Arrowslits
38:44 Siege Engineers
38:36 Arbalester
39:56 Conscription
40:40 Chemistry
41:58 Hussar
44:09 Iron Casting
43:49 Chain Mail Armor
43:54 Chain Barding Armor
43:47 Masonry
Phillipe Xander
3:29 Loom
11:46 Feudal Age
15:22 Castle Age
13:34 Double-Bit Axe
16:29 Wheelbarrow
26:52 Gold Mining
27:13 Bow Saw
28:04 Scale Barding Armor
31:32 Imperial Age
30:27 Gold Shaft Mining
29:44 Stone Mining
30:59 Forging
31:38 Chain Barding Armor
31:37 Husbandry
32:34 Conscription
33:27 Plate Barding Armor
33:57 Cavalier
36:56 Paladin
37:33 Light Cavalry
39:27 Hand Cart
41:14 Iron Casting
44:51 Blast Furnace
44:13 Scale Mail Armor
44:26 Elite Throwing Axeman
PrinceFinnik
10:56 Feudal Age
14:55 Castle Age
13:21 Double-Bit Axe
13:38 Horse Collar
16:07 Bow Saw
16:25 Heavy Plow
17:27 Loom
21:21 Wheelbarrow
23:55 Gold Mining
28:13 Imperial Age
25:49 Fletching
26:20 Hand Cart
25:51 Town Watch
26:24 Padded Archer Armor
26:36 Bodkin Arrow
27:56 Ballistics
28:39 Fortified Wall
28:49 Leather Archer Armor
29:05 Bracer
30:14 Chemistry
30:04 Thumb Ring
30:35 Ring Archer Armor
31:24 Elite Elephant Archer
33:24 Medical Corps
33:39 Conscription
33:50 Murder Holes
36:17 Hoardings
36:03 Wootz Steel
36:44 Coinage
37:41 Scale Mail Armor
37:52 Forging
39:31 Two-Man Saw
39:25 Chain Mail Armor
39:42 Stone Mining
40:10 Masonry
41:17 Caravan
42:43 Plate Mail Armor
42:48 Iron Casting
41:57 Pikeman
42:37 Squires
43:15 Iron Casting
42:28 Man-at-Arms
42:53 Gambesons
43:14 Long Swordsman
45:41 Blast Furnace
44:10 Two-Handed Swordsman
furkanonal2018
10:49 Feudal Age
10:40 Double-Bit Axe
17:55 Castle Age
16:25 Stone Mining
20:47 Horse Collar
23:27 Bow Saw
24:28 Heavy Plow
25:41 Wheelbarrow
27:58 Forging
27:53 Scale Barding Armor
30:55 Imperial Age
29:15 Iron Casting
28:27 Loom
28:59 Treadmill Crane
29:33 Masonry
31:45 Chemistry
31:10 Husbandry
33:06 Blast Furnace
32:47 Elite Battle Elephant
39:34 Coinage
39:04 Town Watch
40:07 Hand Cart
40:56 Siege Engineers
44:40 Gold Mining
Connection lost

Rejoining the realm…

Still unreachable

The connection could not be restored.

Session expired

The server has moved on; the page needs a fresh start.